[ PARTIDA AOE2 · #483499459 ]
UnrankedMagiares vs Maya
[ ANÁLISIS DE REPETICIÓN · EXTRAÍDO DE LA PARTIDA GRABADA ]
Feudal
11:08
Castillos
29:42
Imperial
—
| APM promedio | 45.4 |
| APM pico | 99 |
| eAPM promedio | 22.7 |
| Aldeanos / militares | 79 / 46 |
Foco
⚔️ 20.3% · 🌾 79.7%
Magyar Huszar ×23 · Scout Cavalry ×23
Feudal
10:16
Castillos
27:32
Imperial
—
| APM promedio | 37.0 |
| APM pico | 76 |
| eAPM promedio | 20.2 |
| Aldeanos / militares | 90 / 131 |
Foco
⚔️ 29.1% · 🌾 70.9%
Archer ×84 · Skirmisher ×32 · Spearman ×8 · Eagle Scout ×7
Feudal
8:43
Castillos
23:10
Imperial
—
| APM promedio | 39.8 |
| APM pico | 69 |
| eAPM promedio | 20.4 |
| Aldeanos / militares | 115 / 93 |
Foco
⚔️ 25.3% · 🌾 74.7%
Knight ×80 · Scout Cavalry ×13
Feudal
9:53
Castillos
24:38
Imperial
—
| APM promedio | 72.2 |
| APM pico | 128 |
| eAPM promedio | 30.9 |
| Aldeanos / militares | 105 / 66 |
Foco
⚔️ 18.0% · 🌾 82.0%
Knight ×46 · Scout Cavalry ×20
Feudal
12:32
Castillos
27:55
Imperial
—
| APM promedio | 38.8 |
| APM pico | 94 |
| eAPM promedio | 16.9 |
| Aldeanos / militares | 78 / 51 |
Foco
⚔️ 16.7% · 🌾 83.3%
Archer ×41 · Skirmisher ×7 · Huskarl ×3
Feudal
10:32
Castillos
—
Imperial
—
| APM promedio | 24.0 |
| APM pico | 84 |
| eAPM promedio | 12.8 |
| Aldeanos / militares | 44 / 37 |
Foco
⚔️ 17.4% · 🌾 82.6%
Archer ×31 · Spearman ×6
Feudal
9:32
Castillos
23:28
Imperial
38:40
| APM promedio | 43.5 |
| APM pico | 74 |
| eAPM promedio | 17.7 |
| Aldeanos / militares | 101 / 108 |
Foco
⚔️ 33.7% · 🌾 66.3%
Archer ×97 · Spearman ×5 · Mangonel ×3 · Scorpion ×2 · Battering Ram ×1
Feudal
10:41
Castillos
25:29
Imperial
—
| APM promedio | 54.2 |
| APM pico | 128 |
| eAPM promedio | 23.3 |
| Aldeanos / militares | 94 / 118 |
Foco
⚔️ 36.0% · 🌾 64.0%
Archer ×93 · Skirmisher ×19 · Mangonel ×5 · Spearman ×1
Mapa de la partida
Recursos iniciales + cada clic de construcción. Líneas = muros · curvas = relieve. ◆ oro · ⬟ piedra · ● bayas · ✦ reliquia · ◌ hueco del cierre
Tu base· Abierta — flanco sin cerrar
Base de takamura· Abierta — hueco de 5t
Base de JAGR GORDAZO· Abierta — hueco de 9t
Base de Meld· Abierta — hueco de 1t
Base de ccruzado· Abierta — hueco de 6t
Base de Bandido· Abierta — flanco sin cerrar
Base de Viriathor· Abierta — hueco de 11t
Base de huntr· Abierta — hueco de 4t
Terreno inicial suavizado · ◌ = hueco del cierre detectado · pasá el cursor para detalles
Inputs por minuto
— kanllac.pukaca.boza - - takamura
Build order — kanllac.pukaca.boza
Primeras 150 de 196 acciones detectadas
| 0:39 | Construir | Town Center |
| 1:41 | Crear | Villager (Male) |
| 1:42 | Crear | Villager (Male) |
| 1:42 | Crear | Villager (Male) |
| 1:42 | Crear | Villager (Male) |
| 1:43 | Crear | Villager (Male) |
| 2:22 | Crear | Villager (Male) |
| 2:23 | Crear | Villager (Male) |
| 2:24 | Investigar | Loom |
| 2:25 | Investigar | Loom |
| 3:12 | Crear | Villager (Male) |
| 3:13 | Crear | Villager (Male) |
| 3:39 | Crear | Villager (Male) |
| 3:54 | Crear | Villager (Male) |
| 3:54 | Crear | Villager (Male) |
| 4:04 | Crear | Villager (Male) |
| 4:04 | Crear | Villager (Male) |
| 4:42 | Crear | Villager (Male) |
| 4:43 | Crear | Villager (Male) |
| 4:43 | Crear | Villager (Male) |
| 5:07 | Crear | Villager (Male) |
| 5:07 | Crear | Villager (Male) |
| 5:20 | Construir | Lumber Camp |
| 5:32 | Construir | House |
| 5:34 | Crear | Villager (Male) |
| 5:34 | Crear | Villager (Male) |
| 6:00 | Crear | Villager (Male) |
| 6:01 | Crear | Villager (Male) |
| 6:25 | Crear | Villager (Male) |
| 6:25 | Crear | Villager (Male) |
| 6:35 | Crear | Villager (Male) |
| 6:35 | Crear | Villager (Male) |
| 6:36 | Crear | Villager (Male) |
| 6:36 | Crear | Villager (Male) |
| 7:13 | Construir | Mill |
| 7:21 | Crear | Villager (Male) |
| 7:21 | Crear | Villager (Male) |
| 7:21 | Crear | Villager (Male) |
| 7:49 | Crear | Villager (Male) |
| 7:49 | Crear | Villager (Male) |
| 7:50 | Crear | Villager (Male) |
| 7:50 | Crear | Villager (Male) |
| 8:32 | Construir | Mill |
| 8:58 | Investigar | Feudal Age |
| 8:58 | Investigar | Feudal Age |
| 9:47 | Construir | House |
| 9:49 | Construir | House |
| 10:18 | Construir | Barracks |
| 11:08 | Edad | Edad Feudal |
| 11:13 | Construir | Stable |
| 11:23 | Investigar | Town Watch |
| 11:27 | Investigar | Double-Bit Axe |
| 11:31 | Investigar | Horse Collar |
| 11:53 | Crear | Villager (Male) |
| 11:54 | Crear | Villager (Male) |
| 12:05 | Crear | Scout Cavalry |
| 12:06 | Crear | Scout Cavalry |
| 12:18 | Crear | Scout Cavalry |
| 12:19 | Crear | Scout Cavalry |
| 12:19 | Crear | Scout Cavalry |
| 12:19 | Crear | Scout Cavalry |
| 12:24 | Construir | Stable |
| 13:03 | Construir | Mill |
| 13:31 | Crear | Scout Cavalry |
| 13:55 | Crear | Scout Cavalry |
| 13:57 | Crear | Scout Cavalry |
| 14:11 | Construir | Blacksmith |
| 14:16 | Crear | Villager (Male) |
| 14:17 | Crear | Villager (Male) |
| 14:24 | Crear | Scout Cavalry |
| 14:49 | Construir | Market |
| 16:28 | Investigar | Scale Barding Armor |
| 16:29 | Investigar | Scale Mail Armor |
| 17:00 | Crear | Villager (Male) |
| 17:00 | Crear | Villager (Male) |
| 17:01 | Crear | Villager (Male) |
| 17:01 | Crear | Villager (Male) |
| 17:01 | Crear | Villager (Male) |
| 17:01 | Crear | Villager (Male) |
| 17:02 | Crear | Villager (Male) |
| 17:02 | Crear | Villager (Male) |
| 17:02 | Crear | Villager (Male) |
| 17:12 | Construir | Mill |
| 17:22 | Construir | Mill |
| 18:17 | Crear | Scout Cavalry |
| 18:17 | Crear | Scout Cavalry |
| 18:43 | Crear | Scout Cavalry |
| 18:43 | Crear | Scout Cavalry |
| 19:11 | Construir | Farm |
| 19:12 | Construir | Farm |
| 19:12 | Construir | Farm |
| 19:12 | Construir | Farm |
| 19:12 | Construir | Farm |
| 19:13 | Construir | Farm |
| 19:13 | Construir | Farm |
| 19:13 | Construir | Farm |
| 19:14 | Construir | Farm |
| 19:19 | Crear | Scout Cavalry |
| 20:23 | Crear | Scout Cavalry |
| 20:25 | Crear | Scout Cavalry |
| 20:32 | Crear | Scout Cavalry |
| 20:34 | Crear | Scout Cavalry |
| 20:53 | Crear | Scout Cavalry |
| 20:57 | Crear | Scout Cavalry |
| 21:05 | Construir | House |
| 21:05 | Construir | House |
| 21:06 | Construir | House |
| 21:06 | Construir | House |
| 21:06 | Construir | House |
| 21:07 | Construir | House |
| 21:08 | Construir | House |
| 21:36 | Crear | Scout Cavalry |
| 21:38 | Crear | Scout Cavalry |
| 21:57 | Investigar | Fletching |
| 22:03 | Crear | Villager (Male) |
| 22:03 | Crear | Villager (Male) |
| 23:28 | Crear | Villager (Male) |
| 23:28 | Crear | Villager (Male) |
| 23:28 | Crear | Villager (Male) |
| 23:29 | Crear | Villager (Male) |
| 23:29 | Crear | Villager (Male) |
| 23:29 | Crear | Villager (Male) |
| 23:36 | Construir | Mining Camp |
| 24:42 | Construir | Mining Camp |
| 25:48 | Crear | Villager (Male) |
| 25:48 | Crear | Villager (Male) |
| 25:48 | Crear | Villager (Male) |
| 25:49 | Crear | Villager (Male) |
| 25:49 | Crear | Villager (Male) |
| 26:19 | Construir | House |
| 26:21 | Construir | House |
| 26:23 | Construir | House |
| 27:00 | Investigar | Castle Age |
| 28:08 | Investigar | Stone Mining |
| 28:08 | Investigar | Stone Mining |
| 28:42 | Investigar | Gold Mining |
| 29:42 | Edad | Edad de los Castillos |
| 30:01 | Construir | Town Center |
| 30:36 | Crear | Villager (Male) |
| 30:36 | Crear | Villager (Male) |
| 30:36 | Crear | Villager (Male) |
| 30:43 | Crear | Villager (Male) |
| 30:43 | Crear | Villager (Male) |
| 30:43 | Crear | Villager (Male) |
| 30:44 | Crear | Villager (Male) |
| 30:44 | Crear | Villager (Male) |
| 30:44 | Crear | Villager (Male) |
| 31:02 | Investigar | Bow Saw |
| 31:07 | Crear | Villager (Male) |
| 31:08 | Crear | Villager (Male) |
Build order — takamura
Primeras 150 de 315 acciones detectadas
| 0:19 | Construir | Town Center |
| 1:24 | Construir | House |
| 1:25 | Crear | Villager (Male) |
| 1:25 | Crear | Villager (Male) |
| 1:25 | Crear | Villager (Male) |
| 1:56 | Crear | Villager (Male) |
| 2:26 | Crear | Villager (Male) |
| 3:15 | Crear | Villager (Male) |
| 3:16 | Crear | Villager (Male) |
| 4:06 | Crear | Villager (Male) |
| 4:46 | Crear | Villager (Male) |
| 4:46 | Crear | Villager (Male) |
| 4:47 | Crear | Villager (Male) |
| 4:47 | Crear | Villager (Male) |
| 5:05 | Crear | Villager (Male) |
| 5:15 | Crear | Villager (Male) |
| 5:57 | Crear | Villager (Male) |
| 6:06 | Crear | Villager (Male) |
| 6:07 | Crear | Villager (Male) |
| 6:07 | Crear | Villager (Male) |
| 6:07 | Crear | Villager (Male) |
| 6:08 | Crear | Villager (Male) |
| 6:08 | Crear | Villager (Male) |
| 6:15 | Construir | Mill |
| 7:35 | Investigar | Loom |
| 7:48 | Construir | Lumber Camp |
| 7:51 | Crear | Villager (Male) |
| 8:06 | Investigar | Feudal Age |
| 8:33 | Construir | Barracks |
| 8:35 | Construir | House |
| 8:36 | Construir | House |
| 9:40 | Construir | Palisade Wall |
| 10:16 | Edad | Edad Feudal |
| 10:17 | Investigar | Wheelbarrow |
| 10:23 | Crear | Villager (Male) |
| 10:28 | Crear | Villager (Male) |
| 10:37 | Construir | Palisade Wall |
| 10:43 | Construir | Archery Range |
| 10:49 | Construir | Archery Range |
| 10:50 | Construir | House |
| 11:24 | Crear | Spearman |
| 11:25 | Crear | Spearman |
| 11:50 | Construir | Market |
| 11:56 | Crear | Archer |
| 11:56 | Crear | Archer |
| 11:57 | Crear | Archer |
| 11:57 | Crear | Archer |
| 12:22 | Crear | Villager (Male) |
| 12:38 | Crear | Villager (Male) |
| 12:56 | Construir | Blacksmith |
| 13:02 | Crear | Villager (Male) |
| 13:06 | Crear | Archer |
| 13:07 | Crear | Archer |
| 13:21 | Construir | Palisade Wall |
| 13:33 | Crear | Villager (Male) |
| 13:38 | Construir | House |
| 13:40 | Construir | House |
| 13:41 | Construir | House |
| 13:49 | Crear | Archer |
| 13:49 | Crear | Archer |
| 13:52 | Crear | Villager (Male) |
| 14:12 | Crear | Spearman |
| 14:13 | Crear | Spearman |
| 14:34 | Crear | Archer |
| 14:35 | Crear | Archer |
| 14:35 | Crear | Archer |
| 14:35 | Crear | Archer |
| 14:41 | Crear | Villager (Male) |
| 14:41 | Crear | Villager (Male) |
| 15:25 | Investigar | Fletching |
| 15:36 | Construir | Farm |
| 15:37 | Construir | Farm |
| 15:38 | Construir | Farm |
| 15:41 | Construir | Farm |
| 15:42 | Construir | Farm |
| 15:46 | Crear | Villager (Male) |
| 15:46 | Crear | Villager (Male) |
| 16:02 | Construir | Farm |
| 16:05 | Construir | Farm |
| 16:14 | Construir | Palisade Wall |
| 16:45 | Construir | Farm |
| 16:46 | Construir | Farm |
| 17:06 | Crear | Villager (Male) |
| 17:11 | Crear | Archer |
| 17:12 | Crear | Archer |
| 17:12 | Crear | Archer |
| 17:12 | Crear | Archer |
| 18:07 | Crear | Villager (Male) |
| 18:08 | Crear | Villager (Male) |
| 18:13 | Construir | Archery Range |
| 18:15 | Construir | Archery Range |
| 18:22 | Construir | Farm |
| 18:27 | Crear | Archer |
| 18:27 | Crear | Archer |
| 18:28 | Crear | Archer |
| 18:28 | Crear | Archer |
| 18:28 | Crear | Archer |
| 18:32 | Crear | Villager (Male) |
| 18:36 | Construir | Farm |
| 18:36 | Construir | Farm |
| 18:37 | Construir | Farm |
| 18:39 | Crear | Villager (Male) |
| 18:52 | Crear | Archer |
| 19:05 | Investigar | Padded Archer Armor |
| 19:16 | Construir | Farm |
| 19:17 | Construir | Farm |
| 19:20 | Construir | Farm |
| 19:21 | Construir | Farm |
| 19:22 | Construir | Farm |
| 19:29 | Crear | Archer |
| 19:29 | Crear | Archer |
| 19:32 | Crear | Archer |
| 19:33 | Crear | Archer |
| 19:42 | Construir | House |
| 19:49 | Investigar | Town Watch |
| 20:01 | Investigar | Double-Bit Axe |
| 20:05 | Construir | House |
| 20:06 | Construir | House |
| 20:11 | Crear | Archer |
| 20:12 | Crear | Archer |
| 20:12 | Crear | Archer |
| 20:15 | Crear | Villager (Male) |
| 20:50 | Crear | Spearman |
| 20:50 | Crear | Spearman |
| 20:54 | Crear | Villager (Male) |
| 20:54 | Crear | Villager (Male) |
| 21:03 | Construir | Farm |
| 21:04 | Construir | Farm |
| 21:08 | Construir | Farm |
| 21:10 | Construir | Farm |
| 21:14 | Investigar | Horse Collar |
| 22:22 | Crear | Villager (Male) |
| 22:22 | Crear | Villager (Male) |
| 22:22 | Crear | Villager (Male) |
| 22:25 | Crear | Archer |
| 22:25 | Crear | Archer |
| 22:26 | Crear | Archer |
| 22:26 | Crear | Archer |
| 22:26 | Crear | Archer |
| 22:26 | Crear | Archer |
| 22:27 | Crear | Archer |
| 22:27 | Crear | Archer |
| 22:27 | Crear | Archer |
| 22:37 | Construir | Lumber Camp |
| 22:42 | Crear | Spearman |
| 22:43 | Crear | Spearman |
| 22:46 | Crear | Villager (Male) |
| 22:46 | Crear | Villager (Male) |
| 22:47 | Crear | Villager (Male) |
| 22:52 | Construir | Mining Camp |
Build order — JAGR GORDAZO
Primeras 150 de 356 acciones detectadas
| 0:05 | Construir | Town Center |
| 1:06 | Crear | Villager (Male) |
| 1:06 | Crear | Villager (Male) |
| 1:06 | Crear | Villager (Male) |
| 1:07 | Crear | Villager (Male) |
| 1:52 | Crear | Villager (Male) |
| 2:34 | Crear | Villager (Male) |
| 2:54 | Construir | Lumber Camp |
| 2:55 | Crear | Villager (Male) |
| 3:48 | Crear | Villager (Male) |
| 3:48 | Crear | Villager (Male) |
| 4:03 | Crear | Villager (Male) |
| 4:26 | Crear | Villager (Male) |
| 4:37 | Construir | Mill |
| 4:41 | Crear | Villager (Male) |
| 4:41 | Crear | Villager (Male) |
| 5:57 | Crear | Villager (Male) |
| 6:13 | Construir | House |
| 6:15 | Construir | House |
| 6:33 | Investigar | Feudal Age |
| 7:07 | Investigar | Loom |
| 7:28 | Construir | House |
| 8:08 | Construir | Barracks |
| 8:43 | Edad | Edad Feudal |
| 8:46 | Investigar | Double-Bit Axe |
| 8:50 | Crear | Villager (Male) |
| 8:51 | Crear | Villager (Male) |
| 9:02 | Construir | Stable |
| 9:04 | Crear | Villager (Male) |
| 9:28 | Construir | Palisade Wall |
| 9:29 | Construir | Palisade Wall |
| 9:31 | Construir | Palisade Wall |
| 9:36 | Construir | Palisade Wall |
| 9:37 | Construir | Palisade Wall |
| 9:40 | Construir | Palisade Wall |
| 9:44 | Crear | Scout Cavalry |
| 9:52 | Crear | Villager (Male) |
| 9:58 | Crear | Scout Cavalry |
| 10:11 | Construir | Blacksmith |
| 10:30 | Construir | Market |
| 10:41 | Crear | Scout Cavalry |
| 10:50 | Construir | Farm |
| 11:05 | Crear | Scout Cavalry |
| 11:37 | Crear | Scout Cavalry |
| 11:41 | Crear | Villager (Male) |
| 11:48 | Construir | Farm |
| 12:01 | Construir | Farm |
| 12:08 | Construir | Farm |
| 12:09 | Crear | Villager (Male) |
| 12:22 | Crear | Villager (Male) |
| 12:37 | Construir | Farm |
| 12:47 | Construir | Palisade Wall |
| 12:50 | Construir | Farm |
| 12:54 | Crear | Scout Cavalry |
| 13:07 | Crear | Villager (Male) |
| 13:09 | Construir | Farm |
| 13:25 | Construir | House |
| 13:32 | Crear | Villager (Male) |
| 13:38 | Crear | Scout Cavalry |
| 13:40 | Construir | Farm |
| 13:44 | Construir | Farm |
| 13:44 | Construir | Farm |
| 13:44 | Construir | Farm |
| 13:47 | Construir | House |
| 13:54 | Crear | Villager (Male) |
| 14:13 | Crear | Villager (Male) |
| 14:17 | Construir | Farm |
| 14:34 | Construir | Farm |
| 14:34 | Construir | Farm |
| 14:34 | Construir | Farm |
| 14:35 | Crear | Villager (Male) |
| 14:37 | Construir | House |
| 14:40 | Crear | Villager (Male) |
| 14:47 | Crear | Scout Cavalry |
| 15:04 | Construir | Farm |
| 15:06 | Construir | Farm |
| 15:08 | Construir | Farm |
| 15:21 | Crear | Scout Cavalry |
| 15:31 | Crear | Villager (Male) |
| 15:38 | Crear | Villager (Male) |
| 15:57 | Investigar | Scale Barding Armor |
| 16:12 | Crear | Villager (Male) |
| 16:19 | Crear | Villager (Male) |
| 16:36 | Crear | Villager (Male) |
| 16:48 | Investigar | Forging |
| 16:50 | Construir | Farm |
| 16:52 | Crear | Villager (Male) |
| 17:18 | Construir | Palisade Wall |
| 17:19 | Crear | Villager (Male) |
| 17:26 | Crear | Scout Cavalry |
| 17:41 | Crear | Villager (Male) |
| 17:44 | Construir | Farm |
| 17:46 | Crear | Scout Cavalry |
| 17:48 | Construir | Stable |
| 17:59 | Crear | Scout Cavalry |
| 18:06 | Construir | House |
| 18:13 | Crear | Villager (Male) |
| 18:16 | Construir | House |
| 18:29 | Construir | House |
| 18:34 | Construir | Farm |
| 18:40 | Construir | Palisade Wall |
| 18:43 | Construir | Farm |
| 18:43 | Construir | Farm |
| 18:43 | Crear | Villager (Male) |
| 18:45 | Crear | Scout Cavalry |
| 18:46 | Crear | Villager (Male) |
| 18:52 | Construir | Farm |
| 18:59 | Construir | Farm |
| 19:03 | Construir | Farm |
| 19:36 | Crear | Villager (Male) |
| 19:48 | Construir | Farm |
| 19:57 | Crear | Villager (Male) |
| 20:10 | Crear | Villager (Male) |
| 20:16 | Construir | Farm |
| 20:30 | Investigar | Castle Age |
| 21:02 | Investigar | Town Watch |
| 22:02 | Construir | Stable |
| 22:47 | Construir | Stable |
| 22:53 | Construir | House |
| 22:59 | Construir | House |
| 23:04 | Construir | Lumber Camp |
| 23:10 | Edad | Edad de los Castillos |
| 23:12 | Investigar | Husbandry |
| 23:12 | Crear | Knight |
| 23:13 | Crear | Knight |
| 23:13 | Crear | Knight |
| 23:20 | Investigar | Chain Barding Armor |
| 23:22 | Crear | Knight |
| 23:22 | Crear | Knight |
| 23:27 | Crear | Villager (Male) |
| 23:40 | Investigar | Bow Saw |
| 23:43 | Crear | Knight |
| 23:44 | Crear | Knight |
| 23:50 | Construir | Farm |
| 23:53 | Crear | Villager (Male) |
| 24:12 | Crear | Knight |
| 24:24 | Crear | Villager (Male) |
| 24:29 | Investigar | Scale Mail Armor |
| 24:30 | Crear | Knight |
| 24:33 | Crear | Villager (Male) |
| 25:00 | Investigar | Iron Casting |
| 25:07 | Crear | Villager (Male) |
| 25:16 | Crear | Villager (Male) |
| 25:28 | Construir | Town Center |
| 25:37 | Crear | Knight |
| 25:37 | Crear | Knight |
| 25:45 | Crear | Villager (Male) |
| 25:55 | Crear | Knight |
| 26:09 | Crear | Villager (Male) |
| 26:26 | Crear | Knight |
Build order — Meld
Primeras 150 de 300 acciones detectadas
| 0:20 | Construir | Town Center |
| 1:21 | Crear | Villager (Male) |
| 1:22 | Crear | Villager (Male) |
| 1:23 | Crear | Villager (Male) |
| 1:24 | Crear | Villager (Male) |
| 1:24 | Crear | Villager (Male) |
| 1:58 | Crear | Villager (Male) |
| 1:58 | Crear | Villager (Male) |
| 2:58 | Crear | Villager (Male) |
| 3:09 | Crear | Villager (Male) |
| 3:09 | Crear | Villager (Male) |
| 3:23 | Crear | Villager (Male) |
| 3:54 | Crear | Villager (Male) |
| 3:54 | Crear | Villager (Male) |
| 4:13 | Crear | Villager (Male) |
| 4:13 | Crear | Villager (Male) |
| 4:34 | Crear | Villager (Male) |
| 4:34 | Crear | Villager (Male) |
| 4:48 | Crear | Villager (Male) |
| 4:59 | Construir | House |
| 5:02 | Construir | House |
| 5:05 | Construir | House |
| 5:11 | Construir | House |
| 5:13 | Construir | House |
| 5:34 | Crear | Villager (Male) |
| 5:34 | Crear | Villager (Male) |
| 6:07 | Investigar | Loom |
| 6:42 | Construir | Mill |
| 6:54 | Construir | Lumber Camp |
| 7:43 | Investigar | Feudal Age |
| 7:44 | Investigar | Feudal Age |
| 8:04 | Construir | House |
| 8:05 | Construir | Barracks |
| 9:08 | Construir | Mill |
| 9:53 | Edad | Edad Feudal |
| 9:55 | Construir | Stable |
| 9:58 | Investigar | Double-Bit Axe |
| 9:58 | Crear | Villager (Male) |
| 9:59 | Crear | Villager (Male) |
| 9:59 | Crear | Villager (Male) |
| 10:14 | Construir | House |
| 10:24 | Crear | Scout Cavalry |
| 10:27 | Crear | Scout Cavalry |
| 10:28 | Crear | Villager (Male) |
| 10:28 | Crear | Villager (Male) |
| 10:41 | Crear | Scout Cavalry |
| 10:43 | Crear | Villager (Male) |
| 10:49 | Construir | House |
| 10:52 | Construir | Farm |
| 11:13 | Crear | Scout Cavalry |
| 11:16 | Construir | Farm |
| 11:21 | Construir | Blacksmith |
| 11:32 | Crear | Scout Cavalry |
| 11:39 | Construir | House |
| 11:42 | Construir | Farm |
| 11:52 | Crear | Scout Cavalry |
| 12:15 | Crear | Villager (Male) |
| 12:30 | Construir | Farm |
| 12:43 | Crear | Villager (Male) |
| 12:50 | Construir | House |
| 13:02 | Construir | Farm |
| 13:03 | Crear | Villager (Male) |
| 13:15 | Crear | Scout Cavalry |
| 13:29 | Construir | Market |
| 13:30 | Crear | Villager (Male) |
| 13:39 | Crear | Scout Cavalry |
| 13:47 | Construir | Farm |
| 13:49 | Crear | Villager (Male) |
| 14:05 | Crear | Villager (Male) |
| 14:28 | Investigar | Scale Barding Armor |
| 14:29 | Crear | Villager (Male) |
| 14:38 | Construir | Farm |
| 14:40 | Crear | Villager (Male) |
| 14:43 | Construir | House |
| 14:52 | Construir | Farm |
| 14:59 | Crear | Villager (Male) |
| 15:01 | Construir | Farm |
| 15:11 | Crear | Villager (Male) |
| 15:16 | Construir | Palisade Wall |
| 15:34 | Investigar | Forging |
| 15:52 | Construir | Farm |
| 15:58 | Construir | Farm |
| 16:01 | Construir | Palisade Wall |
| 16:04 | Crear | Scout Cavalry |
| 16:10 | Construir | Farm |
| 16:14 | Construir | Farm |
| 16:18 | Crear | Scout Cavalry |
| 16:18 | Crear | Scout Cavalry |
| 16:25 | Construir | Farm |
| 16:29 | Crear | Villager (Male) |
| 16:37 | Crear | Villager (Male) |
| 16:37 | Crear | Villager (Male) |
| 16:52 | Construir | Market |
| 16:59 | Crear | Villager (Male) |
| 17:02 | Construir | Farm |
| 17:15 | Construir | House |
| 17:17 | Construir | Palisade Wall |
| 17:30 | Construir | Mining Camp |
| 17:39 | Crear | Villager (Male) |
| 18:01 | Construir | Farm |
| 18:08 | Crear | Villager (Male) |
| 18:15 | Crear | Villager (Male) |
| 18:28 | Construir | Palisade Wall |
| 18:31 | Construir | Palisade Wall |
| 18:48 | Construir | Farm |
| 18:48 | Construir | Farm |
| 18:49 | Construir | Farm |
| 18:49 | Construir | Farm |
| 18:53 | Crear | Villager (Male) |
| 18:53 | Crear | Scout Cavalry |
| 18:54 | Crear | Scout Cavalry |
| 18:58 | Construir | Lumber Camp |
| 19:03 | Crear | Scout Cavalry |
| 19:03 | Crear | Scout Cavalry |
| 19:12 | Construir | Stable |
| 19:14 | Construir | Palisade Wall |
| 19:24 | Construir | Farm |
| 19:24 | Construir | Farm |
| 19:24 | Construir | Farm |
| 19:28 | Construir | Mill |
| 19:34 | Crear | Scout Cavalry |
| 19:34 | Crear | Scout Cavalry |
| 19:53 | Crear | Scout Cavalry |
| 19:53 | Crear | Scout Cavalry |
| 19:57 | Crear | Villager (Male) |
| 19:57 | Crear | Villager (Male) |
| 20:05 | Construir | House |
| 20:11 | Construir | House |
| 20:13 | Construir | House |
| 20:30 | Construir | Palisade Wall |
| 20:31 | Construir | Palisade Gate |
| 20:36 | Crear | Scout Cavalry |
| 20:46 | Construir | Palisade Wall |
| 21:06 | Crear | Villager (Male) |
| 21:33 | Construir | House |
| 21:41 | Construir | Farm |
| 21:41 | Construir | Farm |
| 21:58 | Investigar | Castle Age |
| 22:22 | Investigar | Gold Mining |
| 22:23 | Investigar | Horse Collar |
| 22:40 | Construir | Stable |
| 23:00 | Construir | Farm |
| 23:00 | Construir | Farm |
| 23:49 | Construir | Farm |
| 23:49 | Construir | Farm |
| 23:51 | Construir | Farm |
| 23:52 | Construir | Farm |
| 23:55 | Construir | Farm |
| 23:55 | Construir | Farm |
| 24:29 | Construir | Farm |
Build order — ccruzado
Primeras 150 de 172 acciones detectadas
| 0:48 | Construir | Town Center |
| 1:48 | Crear | Villager (Male) |
| 1:49 | Crear | Villager (Male) |
| 1:49 | Crear | Villager (Male) |
| 1:49 | Crear | Villager (Male) |
| 2:01 | Investigar | Loom |
| 2:36 | Crear | Villager (Male) |
| 2:36 | Crear | Villager (Male) |
| 2:43 | Crear | Villager (Male) |
| 2:43 | Crear | Villager (Male) |
| 3:00 | Crear | Villager (Male) |
| 3:37 | Crear | Villager (Male) |
| 3:58 | Construir | House |
| 3:59 | Construir | House |
| 4:20 | Crear | Villager (Male) |
| 4:20 | Crear | Villager (Male) |
| 4:20 | Crear | Villager (Male) |
| 4:35 | Crear | Villager (Male) |
| 5:01 | Crear | Villager (Male) |
| 5:02 | Crear | Villager (Male) |
| 5:23 | Crear | Villager (Male) |
| 5:37 | Construir | Palisade Wall |
| 6:01 | Crear | Villager (Male) |
| 6:21 | Construir | House |
| 6:31 | Crear | Villager (Male) |
| 6:37 | Crear | Villager (Male) |
| 6:37 | Crear | Villager (Male) |
| 6:37 | Crear | Villager (Male) |
| 6:38 | Crear | Villager (Male) |
| 6:55 | Construir | Mill |
| 6:58 | Crear | Villager (Male) |
| 7:13 | Crear | Villager (Male) |
| 7:41 | Construir | House |
| 7:42 | Construir | House |
| 8:28 | Crear | Villager (Male) |
| 8:59 | Crear | Villager (Male) |
| 9:41 | Crear | Villager (Male) |
| 9:46 | Construir | Lumber Camp |
| 10:05 | Construir | Palisade Wall |
| 10:22 | Investigar | Feudal Age |
| 10:42 | Construir | Barracks |
| 11:20 | Construir | House |
| 11:38 | Construir | House |
| 11:40 | Construir | House |
| 11:45 | Construir | House |
| 12:02 | Crear | Villager (Male) |
| 12:32 | Edad | Edad Feudal |
| 12:41 | Crear | Villager (Male) |
| 12:41 | Crear | Villager (Male) |
| 12:50 | Construir | Archery Range |
| 13:32 | Crear | Skirmisher |
| 13:33 | Crear | Skirmisher |
| 13:39 | Construir | Blacksmith |
| 13:47 | Crear | Villager (Male) |
| 14:05 | Crear | Skirmisher |
| 14:10 | Construir | Farm |
| 14:15 | Construir | Farm |
| 14:25 | Crear | Villager (Male) |
| 14:30 | Investigar | Fletching |
| 14:42 | Crear | Skirmisher |
| 14:43 | Crear | Villager (Male) |
| 15:06 | Construir | Farm |
| 15:08 | Construir | Farm |
| 15:54 | Construir | Farm |
| 16:01 | Construir | Mill |
| 16:03 | Crear | Villager (Male) |
| 16:21 | Construir | House |
| 16:22 | Construir | House |
| 16:24 | Construir | House |
| 16:25 | Construir | House |
| 16:58 | Construir | Farm |
| 17:02 | Construir | Lumber Camp |
| 17:10 | Crear | Skirmisher |
| 17:10 | Crear | Skirmisher |
| 17:29 | Construir | House |
| 17:50 | Construir | Farm |
| 18:34 | Construir | Archery Range |
| 18:36 | Crear | Villager (Male) |
| 18:50 | Construir | Market |
| 19:02 | Crear | Villager (Male) |
| 19:07 | Construir | Farm |
| 19:34 | Crear | Villager (Male) |
| 19:41 | Crear | Skirmisher |
| 20:04 | Crear | Archer ×5 |
| 20:06 | Crear | Villager (Male) |
| 20:07 | Crear | Villager (Male) |
| 20:08 | Crear | Villager (Male) |
| 20:32 | Construir | Mining Camp |
| 20:38 | Crear | Villager (Male) |
| 20:48 | Construir | Farm |
| 20:50 | Crear | Villager (Male) |
| 20:54 | Crear | Archer ×3 |
| 21:16 | Construir | Archery Range |
| 21:24 | Crear | Villager (Male) |
| 21:48 | Crear | Villager (Male) |
| 21:52 | Investigar | Padded Archer Armor |
| 22:30 | Crear | Archer ×5 |
| 22:30 | Crear | Archer ×4 |
| 22:31 | Crear | Villager (Male) |
| 22:31 | Crear | Villager (Male) |
| 23:10 | Crear | Villager (Male) |
| 23:12 | Crear | Villager (Male) |
| 23:26 | Crear | Archer ×5 |
| 23:27 | Crear | Villager (Male) |
| 23:28 | Crear | Villager (Male) |
| 24:46 | Construir | Farm |
| 25:15 | Investigar | Castle Age |
| 25:16 | Investigar | Castle Age |
| 25:35 | Construir | Palisade Gate |
| 25:57 | Construir | Watch Tower |
| 26:25 | Construir | House |
| 26:29 | Construir | House |
| 26:32 | Construir | House |
| 26:55 | Crear | Archer ×5 |
| 26:56 | Crear | Archer ×5 |
| 26:57 | Crear | Villager (Male) |
| 26:57 | Crear | Villager (Male) |
| 27:55 | Edad | Edad de los Castillos |
| 27:59 | Investigar | Crossbowman (upgrade) |
| 28:03 | Crear | Villager (Male) |
| 28:04 | Crear | Villager (Male) |
| 28:24 | Construir | Farm |
| 28:35 | Investigar | Bodkin Arrow |
| 29:30 | Construir | Farm |
| 29:38 | Crear | Archer ×4 |
| 30:10 | Crear | Villager (Male) |
| 30:10 | Crear | Villager (Male) |
| 30:28 | Crear | Archer ×5 |
| 30:44 | Crear | Villager (Male) |
| 30:44 | Crear | Villager (Male) |
| 30:44 | Crear | Villager (Male) |
| 30:50 | Construir | Farm |
| 31:13 | Construir | Town Center |
| 31:40 | Crear | Villager (Male) |
| 31:41 | Crear | Villager (Male) |
| 31:41 | Crear | Villager (Male) |
| 32:30 | Crear | Villager (Male) |
| 32:31 | Crear | Villager (Male) |
| 32:31 | Crear | Villager (Male) |
| 32:53 | Investigar | Double-Bit Axe |
| 33:28 | Crear | Villager (Male) |
| 33:29 | Crear | Villager (Male) |
| 33:33 | Construir | Farm |
| 33:36 | Construir | Farm |
| 34:16 | Construir | Castle |
| 34:40 | Construir | Castle |
| 34:57 | Construir | Farm |
| 35:12 | Construir | House |
| 35:37 | Crear | Villager (Male) |
| 35:38 | Crear | Villager (Male) |
Build order — Bandido
118 acciones detectadas en el replay
| 0:29 | Construir | Town Center |
| 0:58 | Construir | House |
| 0:59 | Construir | House |
| 1:27 | Construir | House |
| 1:29 | Construir | House |
| 1:42 | Crear | Villager (Male) |
| 1:42 | Crear | Villager (Male) |
| 1:42 | Crear | Villager (Male) |
| 1:43 | Crear | Villager (Male) |
| 2:32 | Crear | Villager (Male) |
| 2:56 | Investigar | Loom |
| 3:07 | Crear | Villager (Male) |
| 3:08 | Crear | Villager (Male) |
| 3:08 | Crear | Villager (Male) |
| 3:08 | Crear | Villager (Male) |
| 3:14 | Construir | Lumber Camp |
| 3:17 | Crear | Villager (Male) |
| 3:49 | Crear | Villager (Male) |
| 4:07 | Crear | Villager (Male) |
| 5:33 | Crear | Villager (Male) |
| 5:33 | Crear | Villager (Male) |
| 5:56 | Crear | Villager (Male) |
| 5:56 | Crear | Villager (Male) |
| 6:16 | Construir | Mill |
| 6:45 | Crear | Villager (Male) |
| 7:13 | Crear | Villager (Male) |
| 7:33 | Crear | Villager (Male) |
| 7:33 | Crear | Villager (Male) |
| 8:04 | Investigar | Feudal Age |
| 8:42 | Construir | Barracks |
| 8:53 | Construir | Palisade Wall |
| 9:19 | Crear | Villager (Male) |
| 9:19 | Crear | Villager (Male) |
| 9:19 | Crear | Villager (Male) |
| 9:24 | Crear | Villager (Male) |
| 9:44 | Crear | Villager (Male) |
| 10:32 | Edad | Edad Feudal |
| 10:36 | Construir | Archery Range |
| 10:40 | Crear | Spearman |
| 10:54 | Construir | Blacksmith |
| 11:14 | Construir | Archery Range |
| 11:50 | Crear | Archer |
| 11:50 | Crear | Archer |
| 11:50 | Crear | Archer |
| 11:51 | Crear | Archer |
| 11:51 | Crear | Archer |
| 11:52 | Crear | Villager (Male) |
| 11:52 | Crear | Villager (Male) |
| 11:56 | Construir | House |
| 12:03 | Crear | Villager (Male) |
| 12:14 | Crear | Archer |
| 12:15 | Crear | Archer |
| 12:15 | Crear | Archer |
| 12:21 | Crear | Archer |
| 12:25 | Crear | Villager (Male) |
| 12:25 | Crear | Villager (Male) |
| 12:43 | Crear | Spearman |
| 12:44 | Crear | Spearman |
| 12:44 | Crear | Spearman |
| 12:57 | Crear | Archer |
| 12:57 | Crear | Archer |
| 13:23 | Crear | Spearman |
| 13:23 | Crear | Spearman |
| 13:59 | Crear | Villager (Male) |
| 13:59 | Crear | Villager (Male) |
| 14:06 | Construir | Market |
| 14:23 | Crear | Archer |
| 14:48 | Crear | Archer |
| 14:49 | Crear | Archer |
| 15:49 | Crear | Villager (Male) |
| 15:49 | Crear | Villager (Male) |
| 15:54 | Construir | Farm |
| 15:54 | Construir | Farm |
| 15:54 | Construir | Farm |
| 16:00 | Construir | Farm |
| 16:00 | Construir | Farm |
| 17:05 | Crear | Archer |
| 17:05 | Crear | Archer |
| 17:05 | Crear | Archer |
| 17:05 | Crear | Archer |
| 17:05 | Crear | Archer |
| 17:06 | Crear | Archer |
| 17:06 | Crear | Archer |
| 17:06 | Crear | Archer |
| 17:07 | Crear | Villager (Male) |
| 17:30 | Crear | Villager (Male) |
| 17:30 | Crear | Villager (Male) |
| 17:35 | Construir | Farm |
| 17:39 | Construir | Farm |
| 18:01 | Construir | Blacksmith |
| 18:09 | Crear | Villager (Male) |
| 18:09 | Crear | Villager (Male) |
| 18:14 | Construir | House |
| 18:16 | Construir | House |
| 18:19 | Construir | House |
| 18:40 | Construir | Farm |
| 18:42 | Construir | Farm |
| 18:54 | Crear | Villager (Male) |
| 18:59 | Construir | Farm |
| 19:29 | Crear | Archer |
| 19:30 | Crear | Archer |
| 19:30 | Crear | Archer |
| 19:30 | Crear | Archer |
| 19:31 | Crear | Archer |
| 19:31 | Crear | Archer |
| 19:31 | Crear | Archer |
| 19:31 | Crear | Archer |
| 19:32 | Crear | Archer |
| 19:42 | Crear | Villager (Male) |
| 20:07 | Crear | Villager (Male) |
| 20:07 | Crear | Villager (Male) |
| 20:12 | Construir | Watch Tower |
| 20:19 | Crear | Villager (Male) |
| 20:40 | Construir | House |
| 20:44 | Construir | House |
| 20:45 | Construir | House |
| 20:47 | Construir | House |
| 20:48 | Construir | House |
Build order — Viriathor
Primeras 150 de 314 acciones detectadas
| 0:05 | Construir | Town Center |
| 1:06 | Crear | Villager (Male) |
| 1:07 | Crear | Villager (Male) |
| 1:07 | Crear | Villager (Male) |
| 1:08 | Crear | Villager (Male) |
| 1:51 | Crear | Villager (Male) |
| 1:51 | Crear | Villager (Male) |
| 2:10 | Crear | Villager (Male) |
| 2:10 | Crear | Villager (Male) |
| 2:56 | Construir | Lumber Camp |
| 3:29 | Crear | Villager (Male) |
| 3:29 | Crear | Villager (Male) |
| 3:29 | Crear | Villager (Male) |
| 3:40 | Crear | Villager (Male) |
| 3:40 | Crear | Villager (Male) |
| 3:48 | Construir | Mill |
| 3:51 | Crear | Villager (Male) |
| 4:06 | Crear | Villager (Male) |
| 4:07 | Crear | Villager (Male) |
| 4:30 | Construir | House |
| 4:50 | Crear | Villager (Male) |
| 5:18 | Crear | Villager (Male) |
| 5:18 | Crear | Villager (Male) |
| 5:52 | Crear | Villager (Male) |
| 6:28 | Construir | Mining Camp |
| 6:39 | Investigar | Loom |
| 7:02 | Investigar | Feudal Age |
| 7:51 | Construir | Barracks |
| 7:54 | Construir | Palisade Wall |
| 8:58 | Construir | Palisade Wall |
| 9:32 | Edad | Edad Feudal |
| 9:34 | Construir | Archery Range |
| 9:35 | Crear | Villager (Male) |
| 9:35 | Crear | Villager (Male) |
| 9:39 | Investigar | Double-Bit Axe |
| 9:50 | Construir | House |
| 10:09 | Crear | Villager (Male) |
| 10:15 | Crear | Archer |
| 10:15 | Crear | Archer |
| 10:15 | Crear | Archer |
| 10:22 | Construir | Archery Range |
| 10:34 | Crear | Archer |
| 10:36 | Crear | Villager (Male) |
| 10:43 | Crear | Villager (Male) |
| 10:56 | Crear | Archer |
| 11:02 | Construir | House |
| 11:07 | Crear | Spearman |
| 11:11 | Crear | Archer |
| 11:35 | Construir | House |
| 11:50 | Crear | Villager (Male) |
| 11:51 | Crear | Villager (Male) |
| 11:59 | Construir | Blacksmith |
| 12:00 | Crear | Archer |
| 12:10 | Crear | Villager (Male) |
| 12:11 | Crear | Archer |
| 12:13 | Crear | Archer |
| 12:15 | Crear | Villager (Male) |
| 12:24 | Construir | House |
| 13:09 | Investigar | Fletching |
| 13:21 | Crear | Archer |
| 13:21 | Crear | Archer |
| 13:24 | Crear | Villager (Male) |
| 13:44 | Construir | House |
| 13:45 | Crear | Spearman |
| 13:47 | Construir | House |
| 13:49 | Crear | Villager (Male) |
| 14:08 | Crear | Archer |
| 14:16 | Crear | Spearman |
| 14:25 | Construir | House |
| 14:32 | Crear | Archer |
| 14:33 | Crear | Archer |
| 14:41 | Crear | Spearman |
| 14:55 | Crear | Villager (Male) |
| 14:55 | Crear | Villager (Male) |
| 15:01 | Construir | Farm |
| 15:01 | Construir | Farm |
| 15:01 | Construir | Farm |
| 15:02 | Construir | Farm |
| 15:02 | Construir | Farm |
| 15:02 | Construir | Farm |
| 15:03 | Construir | Farm |
| 15:07 | Crear | Spearman |
| 15:31 | Crear | Villager (Male) |
| 15:31 | Crear | Villager (Male) |
| 15:48 | Crear | Archer |
| 15:48 | Crear | Archer |
| 15:50 | Crear | Villager (Male) |
| 15:50 | Crear | Villager (Male) |
| 16:00 | Construir | Market |
| 16:02 | Construir | Palisade Wall |
| 16:20 | Crear | Villager (Male) |
| 16:21 | Crear | Archer |
| 16:21 | Crear | Archer |
| 16:50 | Crear | Villager (Male) |
| 16:53 | Construir | Farm |
| 16:53 | Construir | Farm |
| 16:53 | Construir | Farm |
| 16:57 | Construir | House |
| 16:59 | Construir | House |
| 17:10 | Crear | Villager (Male) |
| 17:13 | Construir | Farm |
| 17:14 | Construir | Farm |
| 17:14 | Construir | Farm |
| 17:14 | Construir | Farm |
| 17:53 | Construir | Farm |
| 17:53 | Construir | Farm |
| 17:53 | Construir | Farm |
| 17:55 | Crear | Villager (Male) |
| 17:55 | Crear | Villager (Male) |
| 18:00 | Construir | Palisade Gate |
| 18:17 | Crear | Villager (Male) |
| 18:26 | Construir | Farm |
| 18:29 | Construir | Mill |
| 18:35 | Crear | Archer |
| 18:36 | Crear | Archer |
| 18:36 | Crear | Archer |
| 18:56 | Crear | Archer |
| 18:56 | Crear | Archer |
| 19:09 | Crear | Villager (Male) |
| 19:22 | Construir | Palisade Wall |
| 19:31 | Crear | Archer |
| 19:31 | Crear | Archer |
| 20:03 | Crear | Villager (Male) |
| 20:05 | Construir | Farm |
| 20:06 | Construir | Farm |
| 20:11 | Crear | Archer |
| 20:12 | Crear | Archer |
| 20:26 | Construir | House |
| 20:48 | Investigar | Castle Age |
| 20:50 | Crear | Archer |
| 20:51 | Crear | Archer |
| 20:51 | Crear | Archer |
| 21:08 | Investigar | Padded Archer Armor |
| 21:08 | Investigar | Padded Archer Armor |
| 21:16 | Construir | Archery Range |
| 21:17 | Crear | Archer |
| 21:17 | Crear | Archer |
| 21:35 | Investigar | Horse Collar |
| 21:49 | Crear | Archer |
| 21:50 | Crear | Archer |
| 21:56 | Investigar | Gold Mining |
| 22:31 | Crear | Archer |
| 22:31 | Crear | Archer |
| 22:53 | Crear | Archer |
| 22:53 | Crear | Archer |
| 23:12 | Crear | Villager (Male) |
| 23:12 | Crear | Villager (Male) |
| 23:28 | Edad | Edad de los Castillos |
| 23:32 | Investigar | Crossbowman (upgrade) |
| 23:46 | Construir | Town Center |
Build order — huntr
Primeras 150 de 328 acciones detectadas
| 0:17 | Construir | Town Center |
| 1:21 | Crear | Villager (Male) ×4 |
| 2:04 | Crear | Villager (Male) |
| 3:15 | Investigar | Loom |
| 3:51 | Crear | Villager (Male) |
| 4:01 | Crear | Villager (Male) |
| 4:20 | Construir | House |
| 4:30 | Construir | Mill |
| 4:33 | Construir | House |
| 4:46 | Crear | Villager (Male) |
| 4:49 | Crear | Villager (Male) |
| 5:08 | Crear | Villager (Male) |
| 5:12 | Crear | Villager (Male) |
| 5:29 | Crear | Villager (Male) |
| 5:35 | Crear | Villager (Male) |
| 5:35 | Crear | Villager (Male) |
| 6:25 | Crear | Villager (Male) |
| 6:35 | Construir | House |
| 6:36 | Construir | House |
| 6:51 | Crear | Villager (Male) |
| 7:10 | Crear | Villager (Male) |
| 7:30 | Crear | Villager (Male) |
| 7:45 | Construir | Lumber Camp |
| 7:58 | Crear | Villager (Male) |
| 8:24 | Investigar | Feudal Age |
| 9:25 | Construir | Barracks |
| 9:36 | Construir | Palisade Wall |
| 9:41 | Construir | House |
| 9:42 | Construir | Palisade Wall |
| 10:35 | Crear | Villager (Male) |
| 10:41 | Edad | Edad Feudal |
| 10:44 | Construir | Archery Range |
| 10:49 | Construir | Palisade Wall |
| 10:49 | Construir | Palisade Wall |
| 10:51 | Crear | Spearman |
| 10:55 | Construir | Palisade Wall |
| 10:59 | Construir | Palisade Wall |
| 11:01 | Crear | Villager (Male) |
| 11:16 | Construir | House |
| 11:28 | Construir | Archery Range |
| 11:29 | Crear | Archer |
| 11:43 | Construir | Palisade Wall |
| 11:50 | Construir | Palisade Wall |
| 11:54 | Crear | Villager (Male) |
| 12:08 | Crear | Archer |
| 12:11 | Crear | Villager (Male) |
| 12:17 | Construir | Farm |
| 12:21 | Construir | Farm |
| 12:24 | Crear | Archer |
| 12:33 | Crear | Villager (Male) |
| 12:46 | Crear | Archer |
| 12:46 | Crear | Archer |
| 13:09 | Construir | Palisade Wall |
| 13:14 | Construir | Palisade Wall |
| 13:16 | Construir | Palisade Wall |
| 13:17 | Crear | Villager (Male) |
| 13:29 | Crear | Archer |
| 13:29 | Crear | Archer |
| 13:42 | Crear | Archer |
| 13:42 | Crear | Archer |
| 13:47 | Crear | Villager (Male) |
| 13:50 | Crear | Villager (Male) |
| 13:52 | Construir | Farm |
| 13:52 | Construir | Farm |
| 13:55 | Construir | Farm |
| 13:55 | Construir | Farm |
| 14:03 | Construir | Blacksmith |
| 14:05 | Crear | Villager (Male) |
| 14:10 | Crear | Archer |
| 14:10 | Crear | Archer |
| 14:38 | Crear | Villager (Male) |
| 14:41 | Investigar | Town Watch |
| 14:46 | Construir | House |
| 14:49 | Construir | House |
| 14:54 | Crear | Archer |
| 14:55 | Crear | Archer |
| 15:00 | Investigar | Fletching |
| 15:08 | Construir | Palisade Wall |
| 15:38 | Construir | House |
| 15:41 | Construir | Market |
| 15:43 | Crear | Villager (Male) |
| 15:46 | Construir | Farm |
| 15:47 | Construir | Farm |
| 15:49 | Crear | Archer |
| 15:49 | Crear | Archer |
| 16:06 | Construir | Palisade Wall |
| 16:07 | Construir | Palisade Wall |
| 16:13 | Construir | Palisade Wall |
| 16:14 | Crear | Villager (Male) |
| 16:14 | Crear | Villager (Male) |
| 16:14 | Crear | Villager (Male) |
| 16:17 | Crear | Archer |
| 16:17 | Crear | Archer |
| 16:41 | Crear | Archer |
| 16:49 | Construir | House |
| 16:51 | Construir | House |
| 16:51 | Crear | Villager (Male) |
| 16:54 | Crear | Villager (Male) |
| 17:09 | Crear | Archer |
| 17:11 | Crear | Villager (Male) |
| 17:20 | Construir | House |
| 17:23 | Construir | House |
| 17:39 | Crear | Villager (Male) |
| 17:47 | Construir | Mill |
| 17:48 | Construir | Farm |
| 17:48 | Construir | Farm |
| 17:48 | Construir | Farm |
| 17:48 | Construir | Farm |
| 17:48 | Construir | Farm |
| 17:49 | Construir | Farm |
| 17:49 | Construir | Farm |
| 18:04 | Construir | House |
| 18:04 | Crear | Archer |
| 18:07 | Crear | Archer |
| 18:20 | Construir | Farm |
| 18:49 | Construir | Palisade Gate |
| 18:52 | Crear | Villager (Male) |
| 18:55 | Crear | Archer |
| 18:59 | Investigar | Double-Bit Axe |
| 19:13 | Investigar | Horse Collar |
| 19:32 | Crear | Villager (Male) |
| 19:34 | Crear | Archer |
| 20:08 | Crear | Villager (Male) |
| 20:14 | Construir | Farm |
| 20:14 | Construir | Farm |
| 20:14 | Construir | Farm |
| 20:15 | Construir | Farm |
| 20:19 | Construir | Farm |
| 20:22 | Crear | Villager (Male) |
| 20:28 | Crear | Archer |
| 20:48 | Crear | Archer |
| 20:48 | Crear | Archer |
| 20:51 | Crear | Villager (Male) |
| 22:24 | Crear | Villager (Male) |
| 22:25 | Crear | Villager (Male) |
| 22:28 | Crear | Archer |
| 22:28 | Crear | Archer |
| 22:36 | Investigar | Castle Age |
| 23:10 | Crear | Archer |
| 23:26 | Crear | Villager (Male) |
| 23:31 | Construir | Mining Camp |
| 23:33 | Crear | Villager (Male) |
| 23:37 | Construir | Mining Camp |
| 23:39 | Crear | Villager (Male) |
| 23:49 | Crear | Archer |
| 23:49 | Crear | Archer |
| 23:54 | Construir | Lumber Camp |
| 24:03 | Investigar | Gold Mining |
| 24:21 | Investigar | Padded Archer Armor |
| 24:23 | Crear | Archer |
Cronología de la partida
| 5:37 | ccruzado · wall_segment Palisade Wall x6 |
| 7:51 | Viriathor · first_building Barracks |
| 7:54 | Viriathor · wall_segment Palisade Wall x1 |
| 8:05 | Meld · first_building Barracks |
| 8:08 | JAGR GORDAZO · first_building Barracks |
| 8:33 | takamura · first_building Barracks |
| 8:42 | Bandido · first_building Barracks |
| 8:43 | JAGR GORDAZO · age_up feudal |
| 8:53 | Bandido · wall_segment Palisade Wall x7 |
| 8:58 | Viriathor · wall_segment Palisade Wall x1 |
| 9:02 | JAGR GORDAZO · first_building Stable |
| 9:25 | huntr · first_building Barracks |
| 9:28 | JAGR GORDAZO · wall_segment Palisade Wall x2 |
| 9:29 | JAGR GORDAZO · wall_segment Palisade Wall x1 |
| 9:31 | JAGR GORDAZO · wall_segment Palisade Wall x1 |
| 9:32 | Viriathor · age_up feudal |
| 9:34 | Viriathor · first_building Archery Range |
| 9:36 | JAGR GORDAZO · wall_segment Palisade Wall x4 |
| 9:36 | huntr · wall_segment Palisade Wall x7 |
| 9:37 | JAGR GORDAZO · wall_segment Palisade Wall x1 |
| 9:40 | JAGR GORDAZO · wall_segment Palisade Wall x6 |
| 9:40 | takamura · wall_segment Palisade Wall x6 |
| 9:42 | huntr · wall_segment Palisade Wall x3 |
| 9:53 | Meld · age_up feudal |
| 9:55 | Meld · first_building Stable |
| 10:05 | ccruzado · wall_segment Palisade Wall x12 |
| 10:16 | takamura · age_up feudal |
| 10:18 | kanllac.pukaca.boza · first_building Barracks |
| 10:32 | Bandido · age_up feudal |
| 10:36 | Bandido · first_building Archery Range |
| 10:37 | takamura · wall_segment Palisade Wall x9 |
| 10:41 | huntr · age_up feudal |
| 10:42 | ccruzado · first_building Barracks |
| 10:43 | takamura · first_building Archery Range |
| 10:44 | huntr · first_building Archery Range |
| 10:49 | huntr · wall_segment Palisade Wall x1 |
| 10:49 | huntr · wall_segment Palisade Wall x1 |
| 10:55 | huntr · wall_segment Palisade Wall x1 |
| 10:59 | huntr · wall_segment Palisade Wall x1 |
| 11:08 | kanllac.pukaca.boza · age_up feudal |
| 11:13 | kanllac.pukaca.boza · first_building Stable |
| 11:43 | huntr · wall_segment Palisade Wall x4 |
| 11:50 | huntr · wall_segment Palisade Wall x2 |
| 12:32 | ccruzado · age_up feudal |
| 12:47 | JAGR GORDAZO · wall_segment Palisade Wall x1 |
| 12:50 | ccruzado · first_building Archery Range |
| 13:09 | huntr · wall_segment Palisade Wall x4 |
| 13:14 | huntr · wall_segment Palisade Wall x2 |
| 13:16 | huntr · wall_segment Palisade Wall x7 |
| 13:21 | takamura · wall_segment Palisade Wall x11 |
| 15:08 | huntr · wall_segment Palisade Wall x1 |
| 15:16 | Meld · wall_segment Palisade Wall x4 |
| 16:01 | Meld · wall_segment Palisade Wall x6 |
| 16:02 | Viriathor · wall_segment Palisade Wall x1 |
| 16:06 | huntr · wall_segment Palisade Wall x14 |
| 16:07 | huntr · wall_segment Palisade Wall x3 |
| 16:13 | huntr · wall_segment Palisade Wall x1 |
| 16:14 | takamura · wall_segment Palisade Wall x10 |
| 17:17 | Meld · wall_segment Palisade Wall x1 |
| 17:18 | JAGR GORDAZO · wall_segment Palisade Wall x1 |
| 18:28 | Meld · wall_segment Palisade Wall x7 |
| 18:31 | Meld · wall_segment Palisade Wall x4 |
| 18:40 | JAGR GORDAZO · wall_segment Palisade Wall x1 |
| 19:14 | Meld · wall_segment Palisade Wall x5 |
| 19:22 | Viriathor · wall_segment Palisade Wall x10 |
| 19:58 | JAGR GORDAZO · first_market_buy 100 food |
| 20:01 | ccruzado · first_market_sell 500 wood |
| 20:02 | ccruzado · first_market_buy 100 food |
| 20:30 | Meld · wall_segment Palisade Wall x13 |
| 20:46 | Meld · wall_segment Palisade Wall x1 |
| 21:32 | Bandido · resign |
| 21:49 | Meld · first_market_buy 100 food |
| 22:33 | huntr · first_market_sell 100 wood |
| 23:10 | JAGR GORDAZO · age_up castle |
| 23:17 | JAGR GORDAZO · first_market_sell 100 food |
| 23:28 | Viriathor · age_up castle |
| 24:38 | Meld · age_up castle |
| 25:29 | huntr · age_up castle |
| 25:37 | Viriathor · first_building Siege Workshop |
| 26:10 | Meld · wall_segment Palisade Wall x1 |
| 27:11 | huntr · first_building Siege Workshop |
| 27:32 | takamura · age_up castle |
| 27:55 | ccruzado · age_up castle |
| 28:31 | huntr · first_market_buy 100 wood |
| 29:20 | Meld · wall_segment Palisade Wall x10 |
| 29:42 | kanllac.pukaca.boza · age_up castle |
| 31:34 | kanllac.pukaca.boza · first_market_buy 100 stone |
| 32:10 | kanllac.pukaca.boza · first_building Castle |
| 33:08 | Meld · first_market_sell 100 food |
| 33:34 | Viriathor · first_building Stable |
| 34:16 | ccruzado · first_building Castle |
| 34:47 | Meld · wall_segment Palisade Wall x1 |
| 38:40 | Viriathor · age_up imperial |
[ ANÁLISIS IA · 1 CRÉDITO ]
¿Qué pasó realmente en esta partida?
Wolo.gg analiza cada decisión: build order, eco, micro, errores típicos por bracket. Análisis personalizado por WhatsApp o Discord en 30 segundos.
Guía civ
Magiares
Perfil
Jugador #8520532